Map: Deathaura LE

Players

Massa

  • Race: Terran Terran
  • League: Platinum
  • Spawn Location: 11:00

ToxikIne - Winner!

  • Race: Zerg Zerg
  • League: Gold
  • Spawn Location: 5:00

VOD

Have the link to the VOD?

Description

Time

  • Played on: Jan. 15, 2021, 6:13 p.m.
  • Length: 11:05
Show
View Real Time Build Order
Export as new Build Order

Massa Terran 

Build Orders: 2 Factory, Reaper Expand 

Get SALT Encoding   

  12  0:00  SCV  
  13  0:13  SCV  
  14  0:21  Supply Depot  
  14  0:25  SCV  
  15  0:43  SCV  
  15  0:44  Barracks  
  15  0:48  Refinery  
  16  1:00  SCV  
  17  1:13  SCV  
  18  1:25  SCV  
  19  1:37  Command Center  
  19  1:41  Orbital Command  
  19  1:45  Reaper  
  20  2:00  Supply Depot  
  20  2:07  SCV  
  21  2:17  Marine  
  22  2:23  Factory  
  22  2:29  SCV  
  23  2:35  Refinery  
  23  2:41  SCV  
  24  2:58  Orbital Command  
  23  2:59  SCV  
  24  3:08  Factory Tech Lab  
  24  3:09  Factory  
  24  3:11  SCV, Marine  
  26  3:18  Barracks  
  26  3:23  SCV  
  26  3:26  Starport, SCV  
  28  3:34  Hellion  
  30  3:36  SCV  
  30  3:37  Infernal Pre-Igniter  
  30  3:38  SCV  
  32  3:47  Supply Depot  
  32  3:49  Supply Depot  
  32  3:54  Hellion  
  32  3:55  Hellion  
  36  3:59  Marine  
  37  4:03  Starport Reactor  
  37  4:15  Marine  
  37  4:16  Hellion x2  
  42  4:17  SCV x2  
  42  4:18  Barracks Tech Lab  
  44  4:29  SCV  
  44  4:30  SCV  
  48  4:41  SCV  
  48  4:42  SCV  
  48  4:44  Barracks  
  48  4:45  Barracks, Engineering Bay  
  48  4:54  SCV x2  
  48  4:55  Starport Tech Lab  
  48  4:57  Refinery  
  48  4:58  Hellion x2  
  48  4:59  Hellion  
  56  5:06  SCV x2  
  58  5:14  Command Center  
  58  5:20  Armory  
  58  5:22  Missile Turret  
  58  5:29  Terran Infantry Weapons Level 1  
  58  5:31  Missile Turret  
  58  5:33  Stimpack  
  58  5:34  Marine x4  
  62  5:44  Supply Depot  
  62  5:47  Supply Depot  
  62  5:59  Hellion  
  62  6:06  Siege Tank  
  62  6:07  Banshee  
  68  6:13  Cloaking Field  
  68  6:17  SCV x2  
  70  6:19  Marine x4  
  74  6:30  SCV x3  
  77  6:34  Refinery  
  77  6:36  Marine  
  77  6:37  Marine x2  
  77  6:39  Engineering Bay  
  80  6:42  SCV  
  80  6:44  Supply Depot  
  81  6:50  Banshee  
  67  7:16  Marauder  
  67  7:18  Marine x2  
  48  7:33  Banshee  
  48  7:35  Marine  
  48  7:36  Marine  
  48  7:42  Orbital Command, Planetary Fortress  
  48  7:43  Orbital Command  
  26  7:53  Marine  
  25  8:13  SCV  
  23  8:31  Orbital Command  
  17  8:57  Orbital Command  
  17  9:01  SCV  
  15  9:13  SCV  
  11  9:25  SCV x2  
  13  9:33  Starport Tech Lab, Factory Tech Lab  
  13  9:37  SCV  
  13  9:38  SCV  
  15  9:39  Barracks Reactor, Barracks Tech Lab  
  15  9:45  Barracks  
  15  9:46  Barracks  
  15  9:49  SCV  
  15  9:50  SCV  
  17  10:01  SCV  
  17  10:02  SCV  
  19  10:14  SCV  
  14  10:18  Siege Tank  
  14  10:20  Marine  
  18  10:21  Marine x2  
  20  10:35  Marine x2  
  21  10:38  Marine  
  21  10:39  Marine x2  
  21  10:41  Bunker  
Show
View Real Time Build Order
Export as new Build Order

ToxikIne Zerg - Winner!

Build Orders: Hatch First 

Get SALT Encoding   

  12  0:00  Drone  
  13  0:12  Overlord  
  13  0:16  Drone  
  14  0:31  Drone x2  
  16  0:57  Drone x2  
  17  0:59  Hatchery  
  17  1:14  Extractor  
  17  1:17  Spawning Pool  
  15  1:18  Drone x2  
  15  1:22  Drone  
  18  1:31  Drone  
  19  1:43  Drone  
  20  1:53  Drone  
  21  2:11  Drone x2  
  21  2:13  Queen x2  
  21  2:15  Overlord  
  27  2:26  Drone  
  28  2:36  Zergling x4  
  29  3:00  Drone  
  29  3:01  Drone x2  
  29  3:02  Overlord  
  32  3:09  Queen x2  
  36  3:25  Drone x4  
  36  3:26  Overlord  
  40  3:43  Evolution Chamber  
  40  3:44  Evolution Chamber  
  40  3:46  Roach Warren  
  37  3:55  Drone x6  
  42  3:56  Drone  
  42  3:59  Lair  
  44  4:07  Drone x2  
  44  4:08  Drone x4  
  50  4:14  Extractor  
  50  4:15  Extractor  
  49  4:17  Drone x2, Extractor  
  49  4:25  Zerg Missile Weapons Level 1, Zerg Ground Armor Level 1  
  49  4:29  Drone x2  
  51  4:37  Drone  
  52  4:44  Overlord  
  52  4:45  Overlord x5  
  52  5:02  Hatchery  
  51  5:10  Drone  
  51  5:13  Glial Reconstitution  
  52  5:15  Roach x3  
  52  5:16  Roach x6  
  52  5:18  Roach  
  72  5:45  Roach  
  72  5:46  Roach x9  
  72  5:47  Roach  
  94  6:07  Overlord x3  
  94  6:15  Queen  
  94  6:16  Drone  
  97  6:19  Roach x3  
  97  6:20  Roach  
  105  6:27  Zerg Ground Armor Level 2, Zerg Melee Weapons Level 1  
  105  6:29  Metabolic Boost  
  105  6:32  Drone  
  106  6:45  Pneumatized Carapace  
  106  6:49  Drone x2  
  100  7:25  Drone x3  
  101  7:31  Hydralisk Den  
  95  7:41  Roach  
  95  7:42  Roach x16  
  119  8:06  Drone x3  
  119  8:07  Drone, Queen x3  
  119  8:10  Overlord x3  
  119  8:11  Overlord x2  
  117  8:57  Hydralisk x14  
  117  8:58  Hydralisk x2  
  119  9:19  Muscular Augments  
  111  9:29  Hydralisk x4  
  111  9:30  Hydralisk x7  
  123  9:40  Overseer  
  119  9:59  Overseer  
  107  10:29  Spine Crawler  
  107  10:31  Spine Crawler  
  105  10:36  Spine Crawler  
  105  10:40  Spore Crawler  
  103  10:43  Spore Crawler  
  103  10:47  Spore Crawler  
Tags
 
Add a new tag
Caveats
  • Supply blocks, unpowered buildings, or Contaminate may cause inaccurate times.
  • Supply counts are checked every 10 seconds.